 Dungeon Crawl Stone Soup version 0.30.0-20-g3b4254fcbd (webtiles) character file.

Game seed: 15470725795001233474

264180 Jannitor the Bludgeoner (level 19, -9/261 HPs)
             Began as a Minotaur Delver on June 1, 2023.
             Was a High Priest of Okawaru.
             Mangled by Mennas
             ... wielding a +5 sacred scourge of holy wrath
              (11 damage)
             ... on level 1 of the Vaults on June 2, 2023.
             The game lasted 01:08:45 (37997 turns).

Jannitor the Bludgeoner (Minotaur Delver)          Turns: 37997, Time: 01:08:46

Health: -9/261     AC: 26    Str: 31    XL:     19   Next: 27%
Magic:  24/28      EV: 27    Int:  9    God:    Okawaru [*****.]
Gold:   2695       SH: 20    Dex: 20    Spells: 18/18 levels left

rFire   + . .        w - +6 shillelagh "Devastator" {shatter}
rCold   + + +        v - +4 kite shield "Fuaplet" {-Cast rC+ Will+ Str+2}
rNeg    . . .        K - quicksilver dragon scales
rPois   +            Z - +2 hat {Will+}
rElec   .            T - +2 cloak
rCorr   +            (no gloves)
SInv    .            A - +1 pair of boots of Incorporation {rCorr Str+5 Dex+3}
Will    +++++        e - amulet of faith Stlth
                     V - ring "Dunk" {rPois rC+++ rCorr Str+3 Dex+3}
HPRegen 0.63/turn    Q - ring of willpower
MPRegen 0.21/turn

%: no spellcasting, clarity, faith
@: mighty, berserking (expiring), heroic, glowing, very quick
A: horns 2, retaliatory headbutt, clarity, fire resistance 1
}: 2/15 runes: serpentine, barnacled
a: Renounce Religion, Heroism, Finesse, Duel


You were on level 1 of the Vaults.
You worshipped Okawaru.
Okawaru was extremely pleased with you.
You visited 6 branches of the dungeon, and saw 32 of its levels.
You also visited: Gauntlet.

You collected 4093 gold pieces.
You spent 1398 gold pieces at shops.

Inventory:

Hand Weapons
 m - the +8 demon whip "Gesikh" {heavy, rF+ rC+}
   (Okawaru gifted it to you on level 1 of the Snake Pit)

   rF:        It protects you from fire.
   rC:        It protects you from cold.
 w - the +6 shillelagh "Devastator" (weapon) {shatter}
   (You found it on level 6 of the Dungeon)
Missiles
 u - 2 curare-tipped darts
 F - 5 throwing nets
 S - 17 javelins (quivered)
 W - 16 silver javelins
Armour
 h - a +4 plate armour of poison resistance
 n - the +1 pair of boots of Milaeh Daval {rElec}
   (Okawaru gifted it to you on level 4 of the Lair of Beasts)

   rElec:     It insulates you from electricity.
 v - the +4 kite shield "Fuaplet" (worn) {-Cast rC+ Will+ Str+2}
   (Okawaru gifted it to you on level 5 of the Lair of Beasts)

   Str:       It affects your strength (+2).
   rC:        It protects you from cold.
   -Cast:     It prevents spellcasting.
   Will:      It increases your willpower.
 A - the +1 pair of boots of Incorporation (worn) {rCorr Str+5 Dex+3}
   (You found it in a Gauntlet)

   Str:       It affects your strength (+5).
   Dex:       It affects your dexterity (+3).
   rCorr:     It protects you from acid and corrosion.
 I - +0 acid dragon scales
 K - quicksilver dragon scales (worn)
 T - a +2 cloak (worn)
 Z - a +2 hat of willpower (worn)
Jewellery
 e - an amulet of faith (around neck)
 o - a ring of protection from fire
 p - a ring of see invisible
 N - a ring of flight
 Q - a ring of willpower (right hand)
 U - a ring of positive energy
 V - the ring "Dunk" (left hand) {rPois rC+++ rCorr Str+3 Dex+3}
   (You bought it in a shop on level 5 of the Dungeon)

   [ring of resist corrosion]

   Str:       It affects your strength (+3).
   Dex:       It affects your dexterity (+3).
   rC:        It renders you almost immune to cold.
   rPois:     It protects you from poison.
   rCorr:     It protects you from acid and corrosion.
Wands
 g - a wand of digging (2)
 k - a wand of iceblast (9)
 C - a wand of polymorph (6)
 H - a wand of acid (21)
 R - a wand of flame (24)
Scrolls
 b - a scroll of magic mapping
 c - 7 scrolls of fog
 d - 4 scrolls of vulnerability
 f - 20 scrolls of teleportation
 l - 2 scrolls of fear
 t - 4 scrolls of blinking
 y - 4 scrolls of brand weapon
 E - 3 scrolls of enchant weapon
 G - 6 scrolls of identify
 M - a scroll of poison
 O - a scroll of silence
Potions
 a - 3 potions of flight
 i - 9 potions of brilliance
 j - 4 potions of attraction
 q - 15 potions of curing
 r - 8 potions of mutation
 x - 5 potions of invisibility
 z - 2 potions of cancellation
 D - 2 potions of resistance
 J - 2 potions of magic
 L - 6 potions of lignification
 X - a potion of haste
 Y - a potion of berserk rage
Miscellaneous
 P - a tin of tremorstones (2/2)


   Skills:
 + Level 16.5(21.5) Fighting
 - Level 18.2(23.2) Maces & Flails
 - Level 6.1(11.1) Polearms
 + Level 11.1(16.1) Throwing
 + Level 15.7(20.7) Armour
 * Level 17.3(22.3) Dodging
 - Level 4.8(9.8) Stealth
 + Level 13.6(18.6) Shields
 + Level 13.3 Invocations
 + Level 5.1 Evocations


You had 18 spell levels left.
You didn't know any spells.
Your spell library contained the following spells:

 Spells                   Type           Power      Damage    Failure   Level
 Necrotise                Necr           0%         1d4       52%         1
 Slow                     Hex            0%         N/A       52%         1
 Blink                    Tloc           0%         N/A       67%         2
 Cigotuvi's Dreadful Rot  Necr/Pois/Air  0%         N/A       67%         2
 Ensorcelled Hibernation  Hex/Ice        0%         N/A       67%         2
 Passwall                 Tmut/Erth      0%         N/A       67%         2
 Poisonous Vapours        Pois/Air       0%         N/A       67%         2
 Sublimation of Blood     Necr           0%         N/A       67%         2
 Wereblood                Tmut           0%         N/A       67%         2
 Confusing Touch          Hex            0%         N/A       88%         3
 Hailstorm                Conj/Ice       0%         3d3       88%         3
 Mephitic Cloud           Conj/Pois/Air  0%         N/A       88%         3
 Spider Form              Tmut/Pois      0%         N/A       88%         3
 Swiftness                Air            0%         N/A       88%         3
 Vampiric Draining        Necr           0%         2d6       88%         3
 Dispel Undead            Necr           0%         3d6       99%         4
 Ice Form                 Ice/Tmut       0%         N/A       99%         4
 Manifold Assault         Tloc           0%         N/A       99%         4
 Passage of Golubria      Tloc           0%         N/A       99%         4
 Petrify                  Tmut/Erth      0%         N/A       99%         4
 Agony                    Necr           0%         N/A       100%        5
 Alistair's Intoxication  Tmut/Pois      0%         N/A       100%        5
 Borgnjor's Vile Clutch   Necr/Erth      0%         N/A       100%        5
 Freezing Cloud           Conj/Ice/Air   0%         6-21      100%        5
 Yara's Violent Unravell  Hex/Tmut       0%         3d3       100%        5
 Eringya's Noxious Bog    Tmut/Pois      0%         N/A       100%        6
 Orb of Destruction       Conj           0%         9d5       100%        7
 Ozocubu's Refrigeration  Ice            0%         4d7       100%        7
 Storm Form               Tmut/Air       0%         N/A       100%        7
 Borgnjor's Revivificati  Necr           0%         N/A       100%        8
 Necromutation            Tmut/Necr      0%         N/A       100%        8
 Death's Door             Necr           0%         N/A       100%        9
 Polar Vortex             Ice            0%         N/A       100%        9
 Summon Guardian Golem    Hex/Summ       Unusable   N/A       N/A         3
 Tukima's Dance           Hex            Unusable   N/A       N/A         3
 Death Channel            Necr           Unusable   N/A       N/A         6
 Simulacrum               Ice/Necr       Unusable   N/A       N/A         6
 Spellforged Servitor     Conj/Summ      Unusable   N/A       N/A         7
 Summon Hydra             Summ           Unusable   N/A       N/A         7

Dungeon Overview and Level Annotations

Branches:
Dungeon (15/15)            Temple (0/1) D:6            Lair (5/5) D:10
 Shoals (4/4) Lair:3        Snake (4/4) Lair:2        Slime (0/5) Lair:5
    Orc (2/2) D:12            Elf (0/3) Orc:2        Vaults (2/5) D:14
 Depths (0/4) D:15        Gauntlet (visited)
  Crypt: Vaults:2-3

Altars:
Cheibriados
Elyvilon
Gozag
Makhleb
Nemelex Xobeh
Okawaru
Qazlal
Vehumet
Yredelemnul
The Shining One
Jiyva

Shops:
D:5 =   D:12 *   D:13 *   Orc:1 [::(=   Orc:2 [!([?

Annotations:
D:2 1 runed translucent door, Crazy Yiuf, Sigmund
D:5 6 runed translucent doors, IndexError's ghost, novice DjSu; fedoskokos's ghost, novice DgHu
D:8 1 runed translucent door
D:10 2 transporters
D:13 3 runed translucent doors, exclusion: obsidian statue, Revguard's ghost, journeyman TrEE
Vaults:1 Mennas


Innate Abilities, Weirdness & Mutations

You have a pair of horns on your head.
You reflexively headbutt those who attack you in melee.
You possess an exceptional clarity of mind.
Your flesh is heat resistant. (rF+)


Message History

Mennas is heavily wounded.
You are too berserk!
Unknown command.
You hit Mennas but do no damage.
Mennas is heavily wounded.
You block Mennas's attack. Mennas misses you.
You hit Mennas.
Mennas shudders.
Mennas is heavily wounded.
You block Mennas's attack.
Mennas hits you with a +5 sacred scourge of holy wrath!
* * * LOW HITPOINT WARNING * * *
You hit Mennas.
Mennas shudders.
Mennas is heavily wounded.
Mennas blocks your attack.
You headbutt Mennas, but do no damage.
Mennas is heavily wounded.
Mennas misses you. You block Mennas's attack.
You completely miss Mennas.
Mennas is heavily wounded.
Mennas gestures frantically.
Mennas is healed somewhat.
Mennas blocks your attack.
Your headbutt misses Mennas.
Mennas is heavily wounded.
You hit Mennas but do no damage.
Mennas is heavily wounded.
You block Mennas's attack. Mennas hits you but does no damage.
Mennas blocks your attack.
Mennas is heavily wounded.
Mennas gestures at you. You block Mennas's attack. x2
Mennas blocks your attack.
Mennas is heavily wounded.
Mennas blocks your attack.
Your headbutt misses Mennas.
Mennas is heavily wounded.
Mennas hits you with a +5 sacred scourge of holy wrath!
* * * LOW HITPOINT WARNING * * *
You block Mennas's attack. Mennas blocks your attack.
You headbutt Mennas, but do no damage.
Mennas is heavily wounded.
Mennas hits you with a +5 sacred scourge of holy wrath!
You die...

##....##..#.............#......#.
#......#..#.............#......#.
#....[.#..#'###########.'......#.
...##.)...+...........#.'......#.
#####(#'###.#########.#.###'####.
....).....#.#.#(#...#.#.....)....
..........#.#.'.##'##.#..........
..........#.#.#....[#.#########..
..........#.###.@A###.#.......#..
..)....[..'.#[.[..#.#.'.......#..
..........#.##)##.'.#.#.......+..
####......#.'...#.#.#.#.......#..
...#......#[#########.#.......'..
...#......#...........#.......#..
...#......#############.......#..
...#..................#.......#..
...#..........###.....#########..


You could see Mennas.

Vanquished Creatures
  Bai Suzhen (Shoals:3)
  Vashnia (Snake:2)
  Jorgrun (D:13)
  Rupert (Lair:4)
  Mlioglotl (Shoals:2)
  2 quicksilver dragons (Arena)
  A kraken (Shoals:4)
  Gastronok (Lair:3)
  Frances (Shoals:1)
  Agnes (D:14)
  Polyphemus (Shoals:3)
  Kirke (Lair:4)
  Donald (Shoals:1)
  Ilsuiw (Shoals:3)
  Louise (Snake:3)
  2 nagarajas
  Aizul (Snake:3)
  A vault warden (Vaults:1)
  An orc warlord (Vaults:1)
  7 ironbound preservers
  3 very ugly things (Vaults:2)
  A stone giant (D:15)
  An ironbound thunderhulk (Vaults:1)
  Azrael (Snake:3)
  A minotaur (Gauntlet)
  11 dire elephants
  2 crystal guardians (Vaults:1)
  9 merfolk impalers
  An entropy weaver (Vaults:1)
  3 merfolk javelineers (Shoals:4)
  2 yaktaur captains (Vaults:1)
  A peacekeeper (Vaults:1)
  4 ogre magi (Orc:2)
  A hydra (Lair:4)
  2 ironbound frosthearts (Vaults:1)
  2 salamander tyrants (Snake:4)
  5 alligator snapping turtles
  5 merfolk avatars
  Erica (Orc:1)
  A death knight (D:13)
  A satyr (Shoals:4)
  13 centaur warriors
  2 catoblepae
  2 dancing weapons (D:14)
  2 merfolk aquamancers
  9 anacondas
  2 tengu warriors
  3 boulder beetles
  9 death yaks
  14 two-headed ogres
  23 naga sharpshooters
  15 naga warriors
  Urug (Lair:1)
  13 shock serpents
  6 skysharks
  19 sea snakes
  7 naga ritualists
  A wizard (Vaults:1)
  16 deep trolls
  5 lindwurms (Vaults:1)
  Pikel (D:9)
  5 orc knights
  5 ironbound convokers
  8 harpies
  11 mana vipers
  An orc sorcerer (Orc:2)
  2 deep elf zephyrmancers (D:15)
  10 manticores
  19 ugly things
  13 salamanders
  6 cyclopes
  6 fauns (Shoals:1)
  6 vault sentinels (Vaults:1)
  2 oklob plants
  17 elephants
  40 black mambas
  9 water nymphs
  9 merfolk sirens
  10 guardian serpents
  2 torpor snails (Lair:5)
  16 naga magi
  2 unseen horrors (D:11)
  6 rime drakes
  16 cane toads
  Maggie (D:6)
  12 komodo dragons
  4 yaktaurs (Vaults:1)
  3 tengu conjurers (D:14)
  5 trolls
  5 wind drakes
  Grinder (D:6)
  28 merfolk
  2 polar bears
  14 dream sheep
  11 blink frogs
  10 snapping turtles
  2 slime creatures
  5 water elementals
  A shadow (D:12)
  A wraith (D:13)
  57 yaks
  4 wyverns (Lair:5)
  4 hogs (Lair:4)
  4 fire elementals (Snake:3)
  3 basilisks
  3 humans (Lair:4)
  3 redbacks (Vaults:1)
  2 steam dragons (Lair:5)
  44 nagas
  16 water moccasins
  3 hell hounds (Snake:3)
  An acid dragon (shapeshifter) (D:13)
  Duvessa (D:7)
  5 acid dragons
  4 sky beasts
  18 orc warriors
  A swamp drake (D:12)
  2 ice beasts (D:6)
  19 wolves
  24 ogres
  9 centaurs
  4 lemures (D:9)
  A phantom (D:4)
  12 bullfrogs
  2 kobold brigands
  2 scorpions
  A gnoll sergeant (D:9)
  A water moccasin zombie (D:5)
  4 wights (D:9)
  Dowan (D:7)
  15 killer bees
  2 electric eels (D:11)
  6 howler monkeys
  7 jellies
  A bullfrog zombie (D:5)
  3 hounds
  13 orc priests
  2 gnoll boudas
  4 sleepcaps
  2 iguanas
  25 orc wizards
  Robin (D:4)
  12 gnolls
  5 adders
  A shadow imp (Gauntlet)
  A white imp (D:4)
  5 worms
  4 dart slugs
  80 orcs
  20 endoplasms
  13 giant cockroaches
  16 goblins
  12 hobgoblins
  13 quokkas
  3 ball pythons
  9 bats
  3 frilled lizards
  15 kobolds
  7 rats
  2 tentacles (Shoals:4)
1132 creatures vanquished.

Vanquished Creatures (others)
  8 tentacles (Shoals:4)
8 creatures vanquished.

Grand Total: 1140 creatures vanquished

Notes
Turn   | Place    | Note
-------+----------+-------------------------------------------
     0 | D:5      | Jannitor the Minotaur Delver began the quest for the Orb.
     0 | D:5      | Reached XP level 1. HP: 19/19 MP: 0/0
    44 | D:5      | Noticed a scorpion
    62 | D:5      | Killed a scorpion
    63 | D:5      | Reached XP level 2. HP: 27/27 MP: 1/1
    63 | D:5      | Reached XP level 3. HP: 33/33 MP: 2/2
   256 | D:6      | Noticed Maggie
   278 | D:5      | Reached XP level 4. HP: 30/41 MP: 3/3
   372 | D:5      | Found an iron altar of Okawaru.
   389 | D:5      | Became a worshipper of Warmaster Okawaru
   532 | D:5      | Noticed an ogre
   893 | D:2      | Reached XP level 5. HP: 46/47 MP: 4/4
  1688 | D:2      | Noticed Sigmund
  1888 | D:3      | Found a burning altar of Makhleb.
  1951 | D:3      | Reached skill level 5 in Fighting
  2219 | D:2      | Reached XP level 6. HP: 31/56 MP: 5/5
  2356 | D:2      | Found a runed translucent door.
  2357 | D:2      | Noticed Crazy Yiuf
  3014 | D:4      | Reached * piety under Okawaru
  3015 | D:4      | Reached skill level 1 in Armour
  3015 | D:4      | Reached skill level 1 in Invocations
  3181 | D:4      | Reached XP level 7. HP: 58/61 MP: 7/7
  3201 | D:4      | Noticed Robin
  3229 | D:4      | Gained mutation: Your flesh is heat resistant. (rF+)
                  | [potion of mutation]
  3229 | D:4      | Gained mutation: You possess an exceptional clarity of
                  | mind. [potion of mutation]
  3290 | D:4      | Killed Robin
  3783 | D:5      | Found a runed translucent gate.
  3783 | D:5      | Found a runed translucent gate.
  3783 | D:5      | Found a runed translucent gate.
  3783 | D:5      | Noticed fedoskokos's ghost (novice DgHu)
  3785 | D:5      | Found a basalt altar of Yredelemnul.
  3801 | D:5      | Reached skill level 5 in Polearms
  3809 | D:5      | Reached ** piety under Okawaru
  3862 | D:5      | Found a runed translucent gate.
  3863 | D:5      | Found a runed translucent gate.
  3864 | D:5      | Found a runed translucent gate.
  3864 | D:5      | Noticed IndexError's ghost (novice DjSu)
  4204 | D:5      | Found an opulent altar of Gozag.
  4426 | D:6      | Found a staircase to the Ecumenical Temple.
  4643 | D:6      | Reached skill level 5 in Dodging
  4707 | D:6      | Killed Maggie
  4707 | D:6      | Reached *** piety under Okawaru
  4708 | D:6      | Reached XP level 8. HP: 49/71 MP: 6/9
  5134 | D:6      | Found the +6 shillelagh "Devastator" {shatter}
  5228 | D:6      | Noticed Grinder
  5248 | D:6      | Killed Grinder
  5249 | D:6      | Reached skill level 2 in Maces & Flails
  5359 | D:6      | Reached skill level 3 in Maces & Flails
  5456 | D:6      | Found a radiant altar of Vehumet.
  5642 | D:6      | Reached **** piety under Okawaru
  5643 | D:6      | Reached skill level 5 in Armour
  5643 | D:6      | Reached XP level 9. HP: 70/79 MP: 11/11
  5735 | D:7      | Reached skill level 4 in Maces & Flails
  6182 | D:7      | Noticed Dowan
  6184 | D:7      | Noticed Duvessa
  6188 | D:7      | Reached skill level 5 in Maces & Flails
  6202 | D:7      | Killed Duvessa
  6206 | D:7      | Killed Dowan
  6332 | D:7      | Found a stormy altar of Qazlal.
  6479 | D:8      | Reached skill level 5 in Invocations
  6480 | D:8      | Reached ***** piety under Okawaru
  6524 | D:8      | Reached skill level 6 in Maces & Flails
  6622 | D:8      | Found a glowing golden altar of the Shining One.
  7590 | D:8      | Reached XP level 10. HP: 70/90 MP: 13/13
  7671 | D:8      | Noticed an ogre mage
  7671 | D:8      | Noticed a manticore
  7672 | D:8      | Found a runed translucent door.
  7674 | D:8      | Noticed a cyclops
  7674 | D:8      | Noticed a centaur warrior
  7674 | D:8      | Noticed a centaur warrior
  7674 | D:8      | Noticed a manticore
  7674 | D:8      | Noticed an ogre mage
  7869 | D:9      | Reached skill level 7 in Maces & Flails
  7994 | D:9      | Noticed a centaur warrior
  7995 | D:9      | Noticed a green ugly thing
  7996 | D:9      | Noticed a centaur warrior
  7996 | D:9      | Noticed an orb spider
  7998 | D:9      | Noticed a shock serpent
  8021 | D:9      | Found a sparkling altar of Nemelex Xobeh.
  8041 | D:9      | Noticed Pikel
  8072 | D:9      | Killed Pikel
  8342 | D:9      | Reached skill level 8 in Maces & Flails
  8478 | D:9      | Noticed a catoblepas
  8478 | D:9      | Noticed a goliath frog
  8478 | D:9      | Noticed a boulder beetle
  8498 | D:9      | Noticed a wizard
  8603 | D:10     | Entered Level 10 of the Dungeon
  8789 | D:10     | Received a gift from Okawaru
  8797 | D:10     | Reached skill level 9 in Maces & Flails
  8806 | D:10     | Reached ****** piety under Okawaru
  8841 | D:10     | Found a transporter.
  8858 | D:10     | Reached XP level 11. HP: 89/97 MP: 14/14
  9083 | D:10     | Found a viscous altar of Jiyva.
  9083 | D:10     | Found a transporter.
  9083 | D:10     | Noticed a glowing orange brain
  9116 | D:10     | Found a snail-covered altar of Cheibriados.
  9203 | D:10     | Found a staircase to the Lair.
  9203 | D:10     | Noticed an oklob plant
  9345 | D:10     | Noticed a glowing orange brain
  9459 | D:11     | Noticed a boulder beetle
  9645 | D:10     | Killed an oklob plant
  9650 | Lair:1   | Entered Level 1 of the Lair of Beasts
  9691 | D:10     | Reached skill level 10 in Maces & Flails
 10136 | Lair:1   | Found a gate leading to a gauntlet.
 10145 | Gauntlet | Entered a Gauntlet
 10145 | Gauntlet | Found a transporter.
 10177 | Gauntlet | Noticed a soul eater
 10185 | Gauntlet | Found a transporter.
 10200 | Gauntlet | Found a transporter.
 10205 | Gauntlet | Found a transporter.
 10210 | Gauntlet | Noticed a wretched star
 10222 | Gauntlet | Found a transporter.
 10240 | Gauntlet | Found a transporter.
 10247 | Gauntlet | Noticed a dire elephant
 10252 | Gauntlet | Found a transporter.
 10254 | Gauntlet | Noticed a ghost crab
 10264 | Gauntlet | Found a transporter.
 10268 | Gauntlet | Noticed a wizard
 10271 | Gauntlet | Noticed a wizard
 10272 | Gauntlet | Found a large runed translucent door.
 10272 | Gauntlet | Noticed a death yak
 10273 | Gauntlet | Found a large runed translucent door.
 10273 | Gauntlet | Noticed a death yak
 10273 | Gauntlet | Noticed a death yak
 10274 | Gauntlet | Found a large runed translucent door.
 10274 | Gauntlet | Found a large runed translucent door.
 10274 | Gauntlet | Noticed a necromancer
 10274 | Gauntlet | Noticed a death yak
 10275 | Gauntlet | Found a runed translucent gate.
 10276 | Gauntlet | Found a transporter.
 10276 | Gauntlet | Found a runed translucent gate.
 10277 | Gauntlet | Found a runed translucent gate.
 10278 | Gauntlet | Found a large runed translucent door.
 10278 | Gauntlet | Found a large runed translucent door.
 10279 | Gauntlet | Found a large runed translucent door.
 10280 | Gauntlet | Found a large runed translucent door.
 10288 | Gauntlet | Found a transporter.
 10301 | Gauntlet | Found a large runed translucent door.
 10301 | Gauntlet | Found a large runed translucent door.
 10301 | Gauntlet | Found a runed translucent door.
 10301 | Gauntlet | Found a runed translucent door.
 10302 | Gauntlet | Found a large runed translucent door.
 10303 | Gauntlet | Found a large runed translucent door.
 10305 | Gauntlet | Found a transporter.
 10305 | Gauntlet | Found a transporter.
 10321 | Gauntlet | Found a large runed translucent door.
 10321 | Gauntlet | Found a large runed translucent door.
 10322 | Gauntlet | Found a large runed translucent door.
 10323 | Gauntlet | Found a large runed translucent door.
 10327 | Gauntlet | Found a transporter.
 10327 | Gauntlet | Found a transporter.
 10349 | Gauntlet | Found a transporter.
 10371 | Gauntlet | Found a transporter.
 10448 | Gauntlet | Found a transporter.
 10472 | Gauntlet | Noticed an oklob plant
 10473 | Gauntlet | Found a transporter.
 10512 | Gauntlet | Identified a scroll of acquirement
 10512 | Gauntlet | Acquired 362 gold pieces
 10562 | Gauntlet | Killed an oklob plant
 10706 | Gauntlet | Reached skill level 10 in Fighting
 10706 | Gauntlet | Reached skill level 1 in Shields
 10720 | Gauntlet | Killed a dire elephant
 10727 | Gauntlet | Identified the +1 pair of boots of Incorporation {rCorr
                  | Str+5 Dex+3}
 10874 | Gauntlet | Noticed a minotaur
 10883 | Gauntlet | Killed a minotaur
 11021 | Lair:1   | Reached skill level 11 in Maces & Flails
 11639 | D:5      | Bought the ring "Dunk" {rPois rC+++ rCorr Str+3 Dex+3} for
                  | 945 gold pieces
 11881 | Lair:1   | Noticed Urug
 11888 | Lair:1   | Killed Urug
 11888 | Lair:1   | Received a gift from Okawaru
 11889 | Lair:1   | Reached XP level 12. HP: 76/108 MP: 16/16
 12265 | Lair:2   | Found a staircase to the Snake Pit.
 12398 | Lair:2   | Reached skill level 1 in Throwing
 12846 | Lair:3   | Identified the +1 flail of the Coward {venom, rPois rF-
                  | Str+7 SInv}
 12876 | Lair:3   | Reached skill level 12 in Maces & Flails
 12888 | Lair:3   | Found a staircase to the Shoals.
 13107 | Lair:3   | Noticed Gastronok
 13119 | Lair:3   | Killed Gastronok
 13119 | Lair:3   | Received a gift from Okawaru
 13242 | Lair:3   | You fall into a shaft and drop 2 floors!
 13242 | Lair:5   | Entered Level 5 of the Lair of Beasts
 13253 | Lair:5   | Reached skill level 5 in Shields
 13276 | Lair:5   | Reached skill level 10 in Dodging
 13417 | Lair:5   | Found a staircase to the Slime Pits.
 13418 | Lair:5   | Found a viscous altar of Jiyva.
 13439 | Lair:5   | Reached skill level 10 in Armour
 13448 | Lair:5   | Noticed a catoblepas
 13475 | Lair:5   | Killed a catoblepas
 13478 | Lair:5   | Received a gift from Okawaru
 13485 | Lair:5   | Reached skill level 13 in Maces & Flails
 13491 | Lair:5   | Reached XP level 13. HP: 112/116 MP: 18/18
 13792 | Lair:4   | Noticed Kirke
 13805 | Lair:4   | Killed Kirke
 13984 | Lair:4   | Noticed Rupert
 14212 | Lair:3   | Received a gift from Okawaru
 14492 | Lair:4   | Killed Rupert
 14492 | Lair:4   | Identified the +1 pair of boots of Milaeh Daval {rElec}
                  | (Okawaru gifted it to you on level 4 of the Lair of Beasts)
 14492 | Lair:4   | Received a gift from Okawaru
 14646 | Lair:4   | Reached skill level 14 in Maces & Flails
 15184 | Lair:5   | Reached skill level 5 in Throwing
 15298 | Lair:5   | Reached XP level 14. HP: 60/127 MP: 20/20
 15300 | Lair:5   | Identified the +4 kite shield "Fuaplet" {-Cast rC+ Will+
                  | Str+2} (Okawaru gifted it to you on level 5 of the Lair of
                  | Beasts)
 15300 | Lair:5   | Received a gift from Okawaru
 15622 | Lair:5   | Identified the staff of poison "Heigrima" {Fragile rPois
                  | Str+3}
 15684 | Lair:5   | Reached skill level 15 in Maces & Flails
 17271 | D:12     | Found Fodoti's Antique Artefacts.
 17279 | D:12     | Bought a wavering ivory amulet for 150 gold pieces
 17279 | D:12     | Identified the amulet "Vontokukka" {Acrobat rPois Str+5}
                  | (You bought it in a shop on level 12 of the Dungeon)
 17370 | D:12     | Received a gift from Okawaru
 17892 | D:12     | Identified the +2 hat of Melancholy {Fly rPois rN+ Int-3}
                  | (Okawaru gifted it to you on level 12 of the Dungeon)
 17892 | D:12     | Received a gift from Okawaru
 17923 | D:12     | Found a staircase to the Orcish Mines.
 18177 | D:13     | Noticed Jorgrun
 18189 | D:13     | Killed Jorgrun
 18190 | D:13     | Reached skill level 10 in Invocations
 18355 | D:13     | Identified the ring "Beimpodd" {rCorr Str+2}
 18433 | D:13     | Identified the +2 trident of Tyeneusm {venom, *Rage Int+3
                  | Dex+3}
 18884 | D:13     | Found a runed translucent gate.
 18884 | D:13     | Found a runed translucent gate.
 18886 | D:13     | Found an opulent altar of Gozag.
 18886 | D:13     | Found a runed translucent gate.
 18887 | D:13     | Noticed Revguard's ghost (journeyman TrEE)
 18888 | D:13     | Found Dubeafeci's Assorted Antiques.
 18968 | Orc:1    | Entered Level 1 of the Orcish Mines
 18968 | Orc:1    | Found Hoarohus's Book Shoppe.
 19050 | Orc:1    | Found Woqy's Weapon Emporium.
 19059 | Orc:1    | Found Vedorgh's Book Shop.
 19148 | Orc:2    | Entered Level 2 of the Orcish Mines
 19213 | Orc:1    | Noticed Erica
 19225 | Orc:1    | Killed Erica
 19272 | Orc:1    | Found Ycliumib's Jewellery Shop.
 19332 | Orc:1    | Found Abidarav's Antique Armour Shop.
 19615 | Orc:2    | Identified the +2 buckler of the Journeyman {rPois rC+}
                  | (Okawaru gifted it to you on level 2 of the Orcish Mines)
 19615 | Orc:2    | Received a gift from Okawaru
 19627 | Orc:2    | Reached XP level 15. HP: 119/135 MP: 13/21
 19631 | Orc:2    | Reached skill level 16 in Maces & Flails
 19646 | Orc:2    | Found Optagevu's Antique Armour Shop.
 19646 | Orc:2    | Found Asemarpheorgh's Antique Weapon Shoppe.
 19650 | Orc:2    | Found Adeagg's Distillery.
 19650 | Orc:2    | Found Sonez's Antique Armour Boutique.
 19709 | Orc:2    | Bought a potion of invisibility for 104 gold pieces
 19709 | Orc:2    | Bought a potion of curing for 39 gold pieces
 19869 | Orc:2    | Found Quzirgho's Magic Scroll Emporium.
 19886 | Orc:2    | Bought 2 scrolls of teleportation for 96 gold pieces
 19886 | Orc:2    | Bought a scroll of fear for 64 gold pieces
 19918 | Orc:2    | Found a staircase to the Elven Halls.
 20238 | D:14     | Noticed Agnes
 20255 | D:14     | Killed Agnes
 20386 | D:14     | Received a gift from Okawaru
 20386 | D:14     | Found the +4 skin of Zhor {*Englaciate rC+++ SInv}
 20477 | D:14     | Found a gate to the Vaults.
 21072 | D:15     | Entered Level 15 of the Dungeon
 21115 | D:15     | Found a staircase to the Depths.
 21671 | D:15     | Identified the +8 mace of Painted Tenacity {heavy, rElec}
 21788 | D:15     | Found a white marble altar of Elyvilon.
 22328 | Snake:1  | Entered Level 1 of the Snake Pit
 22870 | Snake:1  | Identified the +8 demon whip "Gesikh" {heavy, rF+ rC+}
                  | (Okawaru gifted it to you on level 1 of the Snake Pit)
 22870 | Snake:1  | Received a gift from Okawaru
 22871 | Snake:1  | Reached skill level 17 in Maces & Flails
 23001 | Snake:1  | Found a runed translucent door.
 23620 | Snake:1  | Reached skill level 10 in Shields
 23754 | Snake:1  | Reached XP level 16. HP: 96/145 MP: 23/23
 24065 | Snake:2  | Identified the +6 great mace "Gykie" {antimagic, Contam
                  | Will+ Int+4 Dex+3} (Okawaru gifted it to you on level 2 of
                  | the Snake Pit)
 24065 | Snake:2  | Received a gift from Okawaru
 24375 | Snake:2  | Identified the +1 hand axe of Desertification {freeze,
                  | *Noise rPois rN+ Will+}
 25242 | Snake:2  | Received a gift from Okawaru
 25245 | Snake:2  | Noticed Vashnia
 25264 | Snake:2  | Received a gift from Okawaru
 25290 | Snake:2  | Killed Vashnia
 25290 | Snake:2  | Received a gift from Okawaru
 26003 | Snake:3  | Noticed Louise
 26021 | Snake:3  | Killed Louise
 26176 | Snake:3  | Identified the +0 pair of boots of the Fife {rElec rCorr
                  | Int+3}
 26464 | Snake:3  | Reached skill level 18 in Maces & Flails
 26748 | Snake:3  | Noticed Azrael
 26749 | Snake:3  | Noticed Aizul
 26760 | Snake:3  | Killed Aizul
 26772 | Snake:3  | Killed Azrael
 27487 | Snake:4  | Entered Level 4 of the Snake Pit
 27496 | Snake:4  | Received a gift from Okawaru
 27872 | Snake:4  | Reached XP level 17. HP: 147/154 MP: 24/24
 28018 | Snake:4  | Received a gift from Okawaru
 28025 | Snake:4  | Received a gift from Okawaru
 28448 | Snake:4  | Reached skill level 15 in Fighting
 28566 | Snake:4  | Noticed a quicksilver dragon
 28566 | Snake:4  | Noticed a quicksilver dragon
 28567 | Arena    | Entered the Arena
 28580 | Arena    | Killed a quicksilver dragon
 28598 | Arena    | Entered the Arena
 28611 | Arena    | Killed a quicksilver dragon
 28647 | Snake:4  | Got a serpentine rune of Zot
 28870 | Snake:4  | Received a gift from Okawaru
 28871 | Snake:4  | Reached skill level 15 in Dodging
 29152 | Snake:4  | Received a gift from Okawaru
 29567 | Snake:4  | Upgraded the game from 0.30.0-19-g36f170ea60 to
                  | 0.30.0-20-g3b4254fcbd
 29692 | Shoals:1 | Entered Level 1 of the Shoals
 29692 | Shoals:1 | Noticed Donald
 29698 | Shoals:1 | Killed Donald
 29886 | Shoals:1 | Received a gift from Okawaru
 29911 | Shoals:1 | Reached skill level 1 in Evocations
 30017 | Shoals:1 | Noticed Frances
 30027 | Shoals:1 | Killed Frances
 30217 | Shoals:1 | Received a gift from Okawaru
 30420 | Shoals:1 | Identified the +1 pair of boots of Sosua {Contam Str+4
                  | Dex+8} (Okawaru gifted it to you on level 1 of the Shoals)
 30420 | Shoals:1 | Received a gift from Okawaru
 30902 | Shoals:2 | Noticed Mlioglotl
 30917 | Shoals:2 | Killed Mlioglotl
 31793 | Shoals:3 | Noticed Ilsuiw
 31819 | Shoals:3 | Killed Ilsuiw
 32015 | Shoals:3 | Reached skill level 10 in Throwing
 32025 | Shoals:3 | Noticed Bai Suzhen
 32044 | Shoals:3 | Noticed Polyphemus
 32052 | Shoals:3 | Reached XP level 18. HP: 110/163 MP: 19/26
 32061 | Shoals:3 | Killed Bai Suzhen
 32076 | Shoals:3 | Killed Polyphemus
 32591 | Shoals:4 | Entered Level 4 of the Shoals
 32630 | Shoals:4 | Received a gift from Okawaru
 33200 | Shoals:4 | Got a barnacled rune of Zot
 33923 | Shoals:4 | Reached skill level 15 in Armour
 34377 | Shoals:4 | Got the Directory of Flesh
 35037 | Vaults:1 | Entered Level 1 of the Vaults
 35085 | Vaults:1 | Received a gift from Okawaru
 35095 | Vaults:1 | Acquired 727 gold pieces
 35128 | Vaults:1 | Identified the +0 chain mail of Ecozossach {Dex+6} (Okawaru
                  | gifted it to you on level 1 of the Vaults)
 35128 | Vaults:1 | Received a gift from Okawaru
 36012 | Arena    | Entered the Arena
 36016 | Arena    | Reached XP level 19. HP: 48/173 MP: 19/27
 36692 | Vaults:1 | You fall into a shaft and drop 1 floor!
 36723 | Vaults:2 | Received a gift from Okawaru
 36841 | Vaults:2 | Noticed Mennas
 37224 | Vaults:1 | Reached skill level 5 in Evocations
 37988 | Vaults:1 | HP: 10/261 [Mennas/+5 sacred scourge of holy wrath (8)]
 37996 | Vaults:1 | HP: 1/261 [Mennas/+5 sacred scourge of holy wrath (11)]
 37997 | Vaults:1 | Mangled by Mennas

Illustrated notes

Levels and vault maps discovered:
D:1:      dpeg_arrival_more_subterranean_lakeside_camping, layout_basic
D:2:      minmay_roachtagon, layout_rooms, kennysheep_minor_cross,
          nicolae_wormholes, uniq_sigmund, uniq_crazy_yiuf_cottage
D:3:      layout_basic, mainiacjoe_overflow_alcove_2, minmay_misc_feat_rugged
D:4:      layout_cave_pools, uniq_robin
D:5:      layout_rooms, nicolae_yredelemnul_ghost_church, okawaru_gym_becter,
          lemuel_round_altar, serial_shops, shop, gammafunk_ghost_nasty_kobolds
D:6:      layout_basic, fiery_altar_vehumet, minmay_temple_entry_from_below_a,
          dilly_guarded_unrand_devastator, uniq_grinder, uniq_maggie
D:7:      layout_basic, marbit_many_paths, uniq_duvessa
D:8:      minmay_gate_of_8, layout_loops_corners, mainiacjoe_overflow_alcove_1,
          dk_noncrumbling_4
D:9:      layout_irregular_city, mainiacjoe_overflow_catwalk, minivault_12,
          uniq_pikel
D:10:     gammafunk_jiyva_shrine, layout_long_grid,
          mainiacjoe_overflow_24_doors, dpeg_oklobed_lair,
          chequers_decorated_corner
D:11:     statuecave_lemuel, layout_long_grid, minivault_24
D:12:     layout_stronghold, erik_orc_1, nicolae_antique_artefacts
D:13:     minmay_cut_squares, layout_loops_cross, ebering_ghost_gozag,
          uniq_jorgrun
D:14:     layout_irregular_city, erik_vaults_1, kennysheep_flooded_box,
          uniq_agnes
D:15:     grunt_enter_depths_giant_problem, layout_basic, elyvilon_altar_1,
          small_statue_alley_a, billiards_dpeg
Lair:1:   layout_regular_city, gauntlet_entry_generic, grunt_megastairs_2,
          uniq_urug
Lair:2:   lemuel_slime, layout_loops_ring, guppyfry_snake_entry_garden,
          lemuel_fruit_tree
Lair:3:   layout_roguey, elwin_shoals_entry_rocks, uniq_gastronok
Lair:4:   layout_long_grid, serial_bayou_shore_a, serial_bayou_shore_b,
          uniq_rupert, uniq_kirke
Lair:5:   gammafunk_lair_ancient_temple, layout_cave_pods, slime_entry_1
Shoals:1: layout_shoals, uniq_frances, uniq_donald
Shoals:2: layout_shoals, uniq_mlioglotl
Shoals:3: layout_shoals, uniq_polyphemus, uniq_bai_suzhen, uniq_ilsuiw
Shoals:4: shoals_end_simple, layout_shoals
Snake:1:  nicolae_snake_unarmed_stairs_patrol, layout_chambers,
          grunt_ministairs_15, lightli_airlock
Snake:2:  layout_chambers, serial_bayou_shore_b, nicolae_integral_box,
          uniq_vashnia
Snake:3:  layout_layer_cave, nicolae_snake_omega, uniq_aizul, uniq_azrael,
          uniq_louise
Snake:4:  hellmonk_snake_rune_quicksilver_temple, layout_cave_town,
          grunt_megastairs_5
Orc:1:    layout_caves, serial_shops, shop, shop, shop, shop,
          nicolae_shop_tiny_real_fake_doors, nicolae_orc_crystal_geode,
          uniq_erica
Orc:2:    st_orc_ogre_mass, layout_diamond_mine, serial_shops, shop
Vaults:1: nicolae_vaults_shrinking_rooms_1, ontoclasm_vaults_hangar,
          nicolae_vaults_closet_pinwheel_4, nicolae_vaults_network_star,
          nicolae_vaults_diagonal_hallway_7,
          nicolae_vaults_windows_and_doors_thing,
          nicolae_vaults_frosty_reception, layout_vaults_quadrants
Vaults:2: nicolae_vaults_little_squares_6, vaults_dpeg_spiral,
          hangedman_vaults_nodes, grunt_vaults_funnel,
          grunt_vaults_hallway_long, nicolae_vaults_storage_closets_2,
          nicolae_vaults_tetromino_L_1, v_misc_26, ontoclasm_vaults_bender,
          hangedman_vaults_maws, nicolae_vaults_stairing_the_circle,
          nicolae_vaults_diamond_1, nicolae_vaults_apartment_2,
          layout_vaults_ring, serial_shops, nicolae_shop_stone, uniq_mennas

Skill      XL: |  1  2  3  4  5  6  7  8  9 10 11 12 13 14 15 16 17 18 19 |
---------------+----------------------------------------------------------+-----
Fighting       | 4 5 6 7 8 9 10 11 12 13 14 15 16 | 16.5
Polearms       | 3 4 5 6 |  6.1
Dodging        | 3 4 5 6 7 8 9 10 11 12 14 15 17 | 17.3
Armour         | 2 4 5 6 7 9 10 11 12 13 14 15 | 15.7
Invocations    | 1 3 4 5 6 7 8 9 10 11 12 13 | 13.3
Maces & Flails | 3 6 9 11 13 14 15 17 18 | 18.2
Shields        | 3 5 7 8 10 11 12 13 | 13.6
Throwing       | 3 5 6 7 8 10 11 | 11.1
Evocations     | 2 4 5 |  5.1
Stealth        | |  4.8

Action                     |  1- 3 |  4- 6 |  7- 9 | 10-12 | 13-15 | 16-18 | 19-21 || total
---------------------------+-------+-------+-------+-------+-------+-------+-------++-------
  Melee: Spear             |    27 |   292 |   181 |       |       |       |       ||   500
         Headbutt          |     4 |    45 |    53 |    72 |   175 |   319 |    35 ||   703
         Punch             |       |       |     3 |       |       |       |       ||     3
         Shillelagh        |       |       |   111 |   324 |   733 |  1197 |   149 ||  2514
  Throw: Javelin           |       |       |       |       |       |     6 |       ||     6
 Invoke: Heroism           |       |       |     2 |     6 |     7 |     9 |     1 ||    25
         Finesse           |       |       |       |     4 |     5 |     7 |     3 ||    19
         Duel              |       |       |       |       |       |     3 |       ||     3
  Evoke: Wand              |       |       |       |     1 |     3 |    19 |       ||    23
    Use: Potion            |     1 |       |     5 |     1 |     1 |     6 |     4 ||    18
         Scroll            |       |     7 |     2 |    12 |     6 |     7 |     2 ||    36
   Stab: Sleeping          |       |    14 |     4 |     5 |     6 |    11 |       ||    40
         Distracted        |       |       |       |     1 |     3 |     1 |       ||     5
         Petrified         |       |       |       |     1 |       |     5 |       ||     6
         Petrifying        |       |       |       |       |       |     1 |       ||     1
 Armour: Ring mail         |    11 |    69 |    28 |       |       |       |       ||   108
         Scale mail        |       |       |    34 |       |       |       |       ||    34
         Skin              |       |       |     5 |       |       |       |       ||     5
         Acid dragon scale |       |       |     1 |    64 |    78 |       |       ||   143
         Animal skin       |       |       |       |       |    20 |    17 |       ||    37
         Quicksilver drago |       |       |       |       |       |   194 |    29 ||   223
  Dodge: Dodged            |    13 |   120 |   167 |   181 |   286 |   569 |    80 ||  1416
  Block: Buckler           |       |       |       |    63 |    52 |       |       ||   115
         Kite shield       |       |       |       |       |   308 |   828 |   122 ||  1258
